 Dungeon Crawl Stone Soup version 0.30.0-30-g96aa6591b8 (webtiles) character file.

Game seed: 11559623572818507127

60 shaculford the Trooper (level 3, -1/33 HPs)
             Began as a Minotaur Monk on June 27, 2023.
             Slain by a gnoll
             ... wielding a +0 whip
              (6 damage)
             ... on level 2 of the Dungeon.
             The game lasted 00:19:06 (1218 turns).

shaculford the Trooper (Minotaur Monk)              Turns: 1218, Time: 00:19:06

Health: -1/33      AC:  3    Str: 17    XL:     3   Next: 82%
Magic:  2/2        EV: 12    Int:  7    God:
Gold:   49         SH:  0    Dex: 12    Spells: 2/2 levels left

rFire   . .          .
                       - Unarmed
rCold   . . .        c - orb {light}
rNeg    . . .        i - +0 leather armour
rPois   .            (helmet restricted)
rElec   .            (no cloak)
rCorr   .            (no gloves)
SInv    .            (no boots)
Will    .....        (no amulet)
Stlth   +            (no ring)
HPRegen 0.25/turn    (no ring)
MPRegen 0.08/turn

%: no passive effects
@: glowing
A: horns 2, retaliatory headbutt
a: no special abilities


You were on level 2 of the Dungeon.
You visited 1 branch of the dungeon, and saw 2 of its levels.

You collected 49 gold pieces.

Inventory:

Hand Weapons
 h - a +0 sling
 j - a +0 dagger
 k - a +0 club
Missiles
 l - 2 boomerangs (quivered)
Armour
 a - a +0 robe
 c - an orb of light (worn)
 i - a +0 leather armour (worn)
Scrolls
 e - a scroll of magic mapping {unknown}
 g - a scroll of vulnerability {unknown}
 m - 2 scrolls of blinking {unknown}
 o - a scroll of identify {unknown}
Potions
 b - a potion of ambrosia
 d - a potion of haste {unknown}
 f - a potion of mutation {unknown}
 n - 2 potions of curing {unknown}


   Skills:
 + Level 4.2 Fighting
 + Level 0.2 Armour
 + Level 4.1 Dodging
 + Level 4.2 Unarmed Combat


You had 2 spell levels left.
You didn't know any spells.
Your spell library was empty.

Dungeon Overview and Level Annotations

Branches:
Dungeon (2/15)

Altars:


Innate Abilities, Weirdness & Mutations

You have a pair of horns on your head.
You reflexively headbutt those who attack you in melee.


Message History

You kill the frilled lizard!
The jackal bites you.
The orc shouts!
The jackal closely misses you. You furiously retaliate!
You headbutt the jackal.
You kill the jackal!
You see here a frilled lizard corpse.
You barely miss the gnoll. Your headbutt misses the gnoll.
The gnoll closely misses you. You furiously retaliate!
You headbutt the gnoll!
The gnoll hits you from afar with a +0 halberd!
You hit the gnoll.
The gnoll is almost dead.
The gnoll closely misses you. You furiously retaliate!
You headbutt the gnoll!
You kill the gnoll!
The gnoll closely misses you.
Your Unarmed Combat skill increases to level 4!
A dart slug comes into view.
The jackal barks!
The gnoll barely misses you. You furiously retaliate!
You headbutt the gnoll!
Things that are here:
a +0 whip; a gnoll corpse; a frilled lizard corpse You punch the gnoll!
You kill the gnoll!
Your Dodging skill increases to level 4!
You hit the gnoll. Your headbutt misses the gnoll.
The gnoll is moderately wounded.
The gnoll misses you.
The gnoll hits you from afar with a +0 spear.
You barely miss the gnoll.
The gnoll is moderately wounded.
The gnoll hits you from afar with a +0 spear.
The gnoll hits you with a +0 whip!
* * * LOW HITPOINT WARNING * * *
You hit the gnoll.
The gnoll is heavily wounded.
The gnoll barely misses you. The gnoll hits you with a +0 whip.
* * * LOW HITPOINT WARNING * * *
The gnoll misses you. The gnoll attacks as you move away!
The gnoll hits you with a +0 whip.
You die...

#.#>..... .....
... #.......#
#.....#.#
......w.# ....
#.#
.....##g#####...
....wh)g........
...!.##o@####...
.... #.<.#
.......)..#
..#.##.....# .
##..#.# ...#.#
##.##.# #.# .#
#.


You could see a worm, 2 gnolls, a dart slug, an orc and a jackal.

Vanquished Creatures
  2 gnolls (D:2)
  A dart slug (D:1)
  3 ball pythons (D:1)
  2 bats (D:1)
  3 endoplasms
  A giant cockroach (D:1)
  2 hobgoblins
  6 jackals
  2 frilled lizards
  5 goblins
  4 kobolds (D:1)
  4 rats (D:1)
35 creatures vanquished.

Notes
Turn   | Place    | Note
-------+----------+-------------------------------------------
     0 | D:1      | shaculford the Minotaur Monk began the quest for the Orb.
     0 | D:1      | Reached XP level 1. HP: 19/19 MP: 0/0
   222 | D:1      | Reached XP level 2. HP: 27/27 MP: 1/1
   957 | D:1      | Reached XP level 3. HP: 27/33 MP: 2/2
  1218 | D:2      | Slain by a gnoll

Illustrated notes

Levels and vault maps discovered:
D:1:      tarquinn_simple_flora_water_a, layout_basic
D:2:      layout_loops_ring, uniq_jessica, uniq_natasha, uniq_sigmund

Skill      XL: |  1  2  3 |
---------------+----------+-----
Fighting       | 4 |  4.2
Unarmed Combat | 4 |  4.2
Dodging        | 4 |  4.1
Armour         | |  0.2

Action                     || total
---------------------------++-------
  Melee: Unarmed           ||    74
         Headbutt          ||    12
 Armour: Robe              ||     3
         Leather armour    ||    14
  Dodge: Dodged            ||    42
